 Dungeon Crawl Stone Soup version 0.27.1-1-g398f81649c (webtiles) character file.

Game seed: 10637676102763000693

303 MisterFreud the Shield-Bearer (level 6, -4/57 HPs)
             Began as a Gnoll Fighter on Sept 17, 2021.
             Was a Believer of Ashenzari.
             Splashed by a jelly's acid (10 damage)
             ... on level 4 of the Dungeon.
             The game lasted 00:03:48 (2088 turns).

MisterFreud the Shield-Bearer (Gnoll Fighter)       Turns: 2088, Time: 00:03:49

Health: -4/57      AC:  3    Str: 15    XL:     6   Next: 38%
Magic:  10/10      EV:  9    Int:  9    God:    Ashenzari [**....]
Gold:   114        SH: 10    Dex: 12    Spells: 11/11 levels left

rFire    . . .     SeeInvis +   a - +0 rapier
rCold    . . .     Faith    .   c - +0 kite shield
rNeg     . . .     Spirit   .   b - +0 scale mail "Eternal With Me" {Bglg, Cun} (curse)
rPois    .         Reflect  .   (no helmet)
rElec    .         Harm     .   g - +0 cloak "Gaze Upon Infinity" {Alch, Fort} (curse)
rCorr    .         Rampage  .   (no gloves)
Will     +....                  f - +0 pair of boots "Pragmatism of Ashenzari" {Alch, Evo} (curse)
Stlth    +.........             (no amulet)
HPRegen  0.19/turn              e - ring of the Cosmos {SInv, Self, Range} (curse)
MPRegen  0.12/turn              u - ring of willpower

@: corroded
A: fangs 1, strong nose, distributed training
a: Renounce Religion, Shatter the Chains


You were on level 4 of the Dungeon.
You worshipped Ashenzari.
Ashenzari was pleased with you.
You visited 1 branch of the dungeon, and saw 4 of its levels.

You collected 114 gold pieces.

Inventory:

Hand Weapons
 a - a +0 rapier (weapon)
Missiles
 i - 24 poisoned darts (quivered)
Armour
 b - the cursed +0 scale mail "Eternal With Me" (worn) {Bglg, Cun}

   It has a curse which improves the following skills: Beguiling: Conjurations,
   Hexes and Translocations.
   Cunning:   Dodging and Stealth.
 c - a +0 kite shield (worn)
 f - the cursed +0 pair of boots "Pragmatism of Ashenzari" (worn) {Alch, Evo}
   (You found it on level 1 of the Dungeon)

   It has a curse which improves the following skills: Alchemy: Poison Magic and
   Transmutations.
   Evocations: Evocations.
 g - the cursed +0 cloak "Gaze Upon Infinity" (worn) {Alch, Fort}
   (You found it on level 1 of the Dungeon)

   It has a curse which improves the following skills: Alchemy: Poison Magic and
   Transmutations.
   Fortitude: Armour and Shields.
 k - a +0 cloak
 l - a +0 pair of boots
 q - a +0 pair of boots
Jewellery
 e - the cursed ring of the Cosmos (left hand) {SInv, Self, Range}
   (You found it on level 1 of the Dungeon)

   [ring of see invisible]

   SInv:      It lets you see invisible.
   It has a curse which improves the following skills: Introspection: Fighting
   and Spellcasting.
   Ranged Combat: Slings, Bows, Crossbows and Throwing.
 u - a ring of willpower (right hand)
Scrolls
 m - a scroll of blinking
 o - a scroll of enchant armour
 r - a scroll of brand weapon
 s - a scroll of magic mapping
 w - a scroll of teleportation
Potions
 d - a potion of might
 h - 2 potions of heal wounds
 j - a potion of brilliance
 n - 2 potions of haste
 p - 2 potions of lignification
 t - a potion of curing
 v - 2 potions of resistance


   Skills:
 + Level 6.8(8.3) Fighting
 + Level 5.0 Short Blades
 + Level 1.9 Long Blades
 + Level 1.9 Axes
 + Level 1.9 Maces & Flails
 + Level 1.9 Polearms
 + Level 1.9 Staves
 + Level 1.9(3.0) Slings
 + Level 1.9(3.0) Bows
 + Level 1.9(3.0) Crossbows
 + Level 1.9(3.0) Throwing
 + Level 6.8(8.3) Armour
 + Level 1.9(3.0) Dodging
 + Level 1.9(3.0) Stealth
 + Level 6.8(8.3) Shields
 + Level 1.9 Unarmed Combat
 + Level 1.9(3.0) Spellcasting
 + Level 1.5(2.5) Conjurations
 + Level 1.5(2.5) Hexes
 + Level 1.5 Summonings
 + Level 1.5 Necromancy
 + Level 1.5(2.5) Translocations
 + Level 1.5(3.1) Transmutations
 + Level 1.5 Fire Magic
 + Level 1.5 Ice Magic
 + Level 1.5 Air Magic
 + Level 1.5 Earth Magic
 + Level 1.5(3.1) Poison Magic
 + Level 2.1 Invocations
 + Level 1.9(3.0) Evocations


You had 11 spell levels left.
You didn't know any spells.
Your spell library contained the following spells:

 Spells                   Type           Power      Damage    Failure   Level
 Apportation              Tloc           10%        N/A       63%         1
 Alistair's Intoxication  Tmut/Pois      4%         N/A       100%        5
 Invisibility             Hex            2%         N/A       100%        6


Dungeon Overview and Level Annotations

Branches:
Dungeon (4/15)
 Temple: D:4-7

Altars:
Ashenzari


Innate Abilities, Weirdness & Mutations

You have very sharp teeth.
Your uncanny sense of smell can sniff out nearby items.
Your experience applies equally to all skills.


Message History

A jelly comes into view.
Found 17 bolts.
The jelly quivers.
A jelly is nearby!
A jelly is nearby!
Found 13 gold pieces.
You hit the jelly.
Your hands burn!
You bite the jelly.
The jelly is moderately wounded.
The jelly hits you but does no damage.
You hit the jelly. The acid corrodes you!
Your hands burn!
The jelly is heavily wounded.
The jelly hits you. The acid corrodes you!
You are splashed with acid!
The jelly barely misses you.
A jelly is nearby!
You hit the jelly but do no damage.
Your hands burn!
The jelly is heavily wounded.
The jelly closely misses you.
A jelly is nearby!
You puncture the jelly!
Your hands burn!
The jelly is almost dead.
The jelly hits you.
You are splashed with acid!
A jelly is nearby!
You are too injured to fight recklessly!
You are too injured to fight recklessly!
You hit the jelly but do no damage. The acid corrodes you!
Your hands burn!
The jelly is almost dead.
The jelly hits you.
You are splashed with acid!
* * * LOW HITPOINT WARNING * * *
You hit the jelly but do no damage.
Your hands burn!
* * * LOW HITPOINT WARNING * * *
The jelly is almost dead.
You block the jelly's attack.
Unknown command.
You hit the jelly but do no damage.
Your hands burn!
* * * LOW HITPOINT WARNING * * *
The jelly is almost dead.
The jelly hits you.
* * * LOW HITPOINT WARNING * * *
You are splashed with acid!
You die...

,,, , , , * ...... *
, , ,,, .....###. ,,
, , ... ####........
* , ....##.........$
* , ,
....#...#.....##.
........#........ ,
, ........#........,
........#@J...# * ,
, ,
............#.###. ,
, ........#####.....
, ,
#(##......###..... ,
,, .###...#........<
,,
**.......#.........
, ,
#........##........
, , ,
,.......#...).....).
#......#...†...#...
, * .


You could see a jelly.

Vanquished Creatures
  Sigmund (D:2)
  Jessica (D:2)
  Terence (D:3)
  3 adders
  2 worms
  An orc (D:3)
  3 bats
  10 endoplasms
  3 giant cockroaches
  4 goblins
  A hobgoblin (D:1)
  4 jackals (D:2)
  A quokka (D:1)
  7 ball pythons
  7 frilled lizards
  5 kobolds
  4 rats
58 creatures vanquished.

Notes
Turn   | Place    | Note
-------+----------+-------------------------------------------
     0 | D:1      | MisterFreud the Gnoll Fighter began the quest for the Orb.
     0 | D:1      | Reached XP level 1. HP: 23/23 MP: 1/1
   153 | D:1      | Found a faded altar of an unknown god.
   166 | D:1      | Reached XP level 2. HP: 28/29 MP: 2/2
   177 | D:1      | Became a worshipper of Ashenzari the Shackled
   560 | D:2      | Noticed Jessica
   574 | D:2      | Killed Jessica
   575 | D:2      | Reached skill level 1 in Invocations
   575 | D:2      | Reached XP level 3. HP: 23/35 MP: 2/4
   578 | D:2      | Reached * piety under Ashenzari
   716 | D:2      | Reached skill level 1 in Long Blades
   716 | D:2      | Reached skill level 1 in Axes
   716 | D:2      | Reached skill level 1 in Maces & Flails
   716 | D:2      | Reached skill level 1 in Polearms
   716 | D:2      | Reached skill level 1 in Staves
   716 | D:2      | Reached skill level 1 in Slings
   716 | D:2      | Reached skill level 1 in Bows
   716 | D:2      | Reached skill level 1 in Crossbows
   716 | D:2      | Reached skill level 1 in Throwing
   716 | D:2      | Reached skill level 1 in Dodging
   716 | D:2      | Reached skill level 1 in Stealth
   716 | D:2      | Reached skill level 1 in Unarmed Combat
   716 | D:2      | Reached skill level 1 in Spellcasting
   716 | D:2      | Reached skill level 1 in Evocations
   809 | D:2      | Reached XP level 4. HP: 41/41 MP: 5/5
  1193 | D:2      | Noticed Sigmund
  1212 | D:2      | Killed Sigmund
  1213 | D:2      | Reached skill level 1 in Conjurations
  1213 | D:2      | Reached skill level 1 in Hexes
  1213 | D:2      | Reached skill level 1 in Summonings
  1213 | D:2      | Reached skill level 1 in Necromancy
  1213 | D:2      | Reached skill level 1 in Translocations
  1213 | D:2      | Reached skill level 1 in Transmutations
  1213 | D:2      | Reached skill level 1 in Fire Magic
  1213 | D:2      | Reached skill level 1 in Ice Magic
  1213 | D:2      | Reached skill level 1 in Air Magic
  1213 | D:2      | Reached skill level 1 in Earth Magic
  1213 | D:2      | Reached skill level 1 in Poison Magic
  1213 | D:2      | Reached XP level 5. HP: 32/47 MP: 5/7
  1213 | D:2      | Reached XP level 6. HP: 36/53 MP: 5/8
  1437 | D:2      | Reached ** piety under Ashenzari
  1790 | D:3      | Noticed Terence
  1803 | D:3      | Killed Terence
  1958 | D:4      | Reached skill level 5 in Short Blades
  1992 | D:4      | Identified the +6 dagger "Ygre" {elec, rF+}
  2088 | D:4      | Splashed by a jelly's acid

Illustrated notes

Levels and vault maps discovered:
D:1:      minmay_arrival_up_and_down, layout_rooms,
          hellmonk_ecumenical_altar_lost_god, item_on_display_a
D:2:      layout_basic, uniq_sigmund, uniq_jessica
D:3:      layout_basic, uniq_terence
D:4:      layout_cave_pools

Skill      XL: |  1  2  3  4  5  6 |
---------------+-------------------+-----
Invocations    | 1 2 |  2.1
Long Blades    | 1 |  1.9
Axes           | 1 |  1.9
Maces & Flails | 1 |  1.9
Polearms       | 1 |  1.9
Staves         | 1 |  1.9
Slings         | 1 |  1.9
Bows           | 1 |  1.9
Crossbows      | 1 |  1.9
Throwing       | 1 |  1.9
Dodging        | 1 |  1.9
Stealth        | 1 |  1.9
Unarmed Combat | 1 |  1.9
Spellcasting   | 1 |  1.9
Evocations     | 1 |  1.9
Conjurations   | 1 |  1.5
Hexes          | 1 |  1.5
Summonings     | 1 |  1.5
Necromancy     | 1 |  1.5
Translocations | 1 |  1.5
Transmutations | 1 |  1.5
Fire Magic     | 1 |  1.5
Ice Magic      | 1 |  1.5
Air Magic      | 1 |  1.5
Earth Magic    | 1 |  1.5
Poison Magic   | 1 |  1.5
Short Blades   | 5 |  5.0
Fighting       | |  6.8
Armour         | |  6.8
Shields        | |  6.8

Action                   |  1- 3 |  4- 6 || total
-------------------------+-------+-------++-------
Melee: Rapier            |    83 |   106 ||   189
       Bite              |    12 |    11 ||    23
Invok: Curse Item        |     2 |     2 ||     4
Armor: Scale mail        |    22 |    33 ||    55
Dodge: Dodged            |    24 |    30 ||    54
Block: Kite shield       |    37 |    46 ||    83
